PAA
MERCER ISLAND SCREAMING EAGLES @ PHOENIX HOTSPUR YOUTH
09/15/2022
 
TOP OF THE 1ST
Mercer Island Screaming Eagles batting - Pitching for Phoenix Hotspur Youth : RHP Howard Allen
Pitching: RHP Howard Allen
Batting: RHB Ted Cook 0-0: Called Strike
0-1: DOUBLE (Line Drive, 8RM)
Batting: LHB Gregg Young 0-0: Ball
Wild Pitch!
Ted Cook to third
1-0: Foul Ball, location: 2F
1-1: Ball
2-1: Foul Ball, location: 2F
2-2: Ball
3-2: Foul Ball, location: 2F
3-2: Foul Ball, location: 2F
3-2: Foul Ball, location: 2F
3-2: Fly out, F5 (Popup, 56S)
Batting: RHB Jason Ruffin 0-0: Called Strike
0-1: Ball
1-1: Ball
2-1: Ball
3-1: Foul Ball, location: 2F
3-2: Foul Ball, location: 2F
3-2: Foul Ball, location: 2F
3-2: Ground out 1-3 (Groundball, 15S)
Batting: RHB Luis Antonio Hernández 0-0: Called Strike
0-1: Ball
1-1: Foul Ball, location: 2F
1-2: Ball
2-2: Ball
3-2: Fly out, F9 (Flyball, 9S)
Top of the 1st over - 0 run(s), 1 hit(s), 0 error(s), 1 left on base; Mercer Island 0 - Phoenix Hotspur 0
BOTTOM OF THE 1ST
Phoenix Hotspur Youth batting - Pitching for Mercer Island Screaming Eagles : RHP Fernando Reyna
Pitching: RHP Fernando Reyna
Batting: LHB Arthur Ryan 0-0: Foul Ball, location: 2F
0-1: Ball
1-1: Ball
2-1: Swinging Strike
2-2: Ball
3-2: Foul Ball, location: 2F
3-2: Base on Balls
Batting: RHB António Padilla 0-0: Ball
1-0: Called Strike
1-1: Ball
2-1: Foul Ball, location: 2F
2-2: Foul Ball, location: 2F
2-2: Strikes out looking
Batting: LHB Derek Blair 0-0: Ball
Arthur Ryan steals 2nd base
1-0: Foul Ball, location: 2F
1-1: Ball
2-1: Foul Ball, location: 2F
2-2: Ball
3-2: Fly out, F7 (Flyball, 7M)
Batting: RHB Dan Perkins 0-0: Ball
1-0: Ball
2-0: Ball
3-0: Called Strike
3-1: Called Strike
3-2: Fly out, F6 (Popup, 6)
Bottom of the 1st over - 0 run(s), 0 hit(s), 0 error(s), 1 left on base; Mercer Island 0 - Phoenix Hotspur 0
TOP OF THE 2ND
Mercer Island Screaming Eagles batting - Pitching for Phoenix Hotspur Youth : RHP Howard Allen
Batting: LHB Jorge Pérez 0-0: Ground out 6-3 (Groundball, 6)
Batting: RHB Shawn McCormack 0-0: Bunted foul
0-1: Foul Ball, location: 2F
0-2: Ball
1-2: Strikes out swinging
Batting: RHB Mario Blanco 0-0: Called Strike
0-1: Ground out 4-3 (Groundball, 4M)
Top of the 2nd over - 0 run(s), 0 hit(s), 0 error(s), 0 left on base; Mercer Island 0 - Phoenix Hotspur 0
BOTTOM OF THE 2ND
Phoenix Hotspur Youth batting - Pitching for Mercer Island Screaming Eagles : RHP Fernando Reyna
Batting: LHB Cristo Aponte 0-0: Ball
1-0: SINGLE (Groundball, 3D)
Batting: RHB Al Thomas 0-0: Ball
1-0: Ball
2-0: Ball
3-0: Base on Balls
Cristo Aponte to second
Batting: RHB David Rivas 0-0: Called Strike
0-1: Ball
1-1: Foul Ball, location: 2F
1-2: Fly out, F3 (Popup, 3F)
Batting: RHB Satoshi Terada 0-0: Ball
1-0: Fly out, F9 (Line Drive, 89S)
Batting: RHB Jesús Álvarez 0-0: Fly out, F7 (Flyball, 7M)
Bottom of the 2nd over - 0 run(s), 1 hit(s), 0 error(s), 2 left on base; Mercer Island 0 - Phoenix Hotspur 0
TOP OF THE 3RD
Mercer Island Screaming Eagles batting - Pitching for Phoenix Hotspur Youth : RHP Howard Allen
Batting: SHB Andrew Baker 0-0: Foul Ball, location: 2F
0-1: Ground out 4-3 (Groundball, 4)
Batting: RHB Alan Rosales 0-0: Ball
1-0: Foul Ball, location: 2F
1-1: Fly out, F8 (Flyball, 8RD)
Batting: RHB Ted Cook 0-0: Called Strike
0-1: Ball
1-1: SINGLE (Line Drive, 7S)
Batting: LHB Gregg Young 0-0: Called Strike
0-1: Ball
1-1: Ball
2-1: Ball
3-1: Base on Balls
Ted Cook to second
Batting: RHB Jason Ruffin 0-0: Ball
1-0: SINGLE (Line Drive, 89S)
Ted Cook to third
Gregg Young to second
Runner from 3rd tries for Home, SAFE, no throw or cutoff
Batting: RHB Luis Antonio Hernández 0-0: Ball
Wild Pitch!
Gregg Young to third
Jason Ruffin to second
1-0: Ball
2-0: Fly out, F5 (Line Drive, 5)
Top of the 3rd over - 1 run(s), 2 hit(s), 0 error(s), 2 left on base; Mercer Island 1 - Phoenix Hotspur 0
BOTTOM OF THE 3RD
Phoenix Hotspur Youth batting - Pitching for Mercer Island Screaming Eagles : RHP Fernando Reyna
Batting: LHB Arthur Ryan 0-0: Ball
1-0: SINGLE (Line Drive, 8LS)
Batting: RHB António Padilla 0-0: Called Strike
0-1: Swinging Strike
0-2: Ball
1-2: Foul Ball, location: 2F
1-2: Foul Ball, location: 2F
1-2: Strikes out swinging
Batting: LHB Derek Blair 0-0: Swinging Strike
0-1: Ball
Arthur Ryan steals 2nd base
1-1: Ball
2-1: Ball
3-1: Base on Balls
Batting: RHB Dan Perkins 0-0: Ball
1-0: Ground out 3-1 (Groundball, 34)
Arthur Ryan to third
Derek Blair to second
Batting: LHB Cristo Aponte 0-0: Ball
1-0: Foul Ball, location: 2F
1-1: Swinging Strike
1-2: Ball
2-2: Foul Ball, location: 2F
2-2: Foul Ball, location: 2F
2-2: Ball
3-2: Strikes out swinging
Bottom of the 3rd over - 0 run(s), 1 hit(s), 0 error(s), 2 left on base; Mercer Island 1 - Phoenix Hotspur 0
TOP OF THE 4TH
Mercer Island Screaming Eagles batting - Pitching for Phoenix Hotspur Youth : RHP Howard Allen
Batting: LHB Jorge Pérez 0-0: Ball
1-0: Foul Ball, location: 2F
1-1: Fly out, F8 (Flyball, 8RM)
Batting: RHB Shawn McCormack 0-0: Ball
1-0: Ball
2-0: Called Strike
2-1: Bunt for hit - play at first, batter safe!
Batting: RHB Mario Blanco 0-0: Ball
Shawn McCormack steals 2nd base
1-0: Called Strike
1-1: Foul Ball, location: 2F
1-2: Strikes out swinging
Batting: SHB Andrew Baker 0-0: Ball
1-0: Swinging Strike
1-1: Foul Ball, location: 2F
1-2: Ground out 1-3 (Groundball, 13)
Top of the 4th over - 0 run(s), 1 hit(s), 0 error(s), 1 left on base; Mercer Island 1 - Phoenix Hotspur 0
BOTTOM OF THE 4TH
Phoenix Hotspur Youth batting - Pitching for Mercer Island Screaming Eagles : RHP Fernando Reyna
Batting: RHB Al Thomas 0-0: Ball
1-0: Ball
2-0: Called Strike
2-1: Ball
3-1: Foul Ball, location: 2F
3-2: Fly out, F7 (Flyball, 7M)
Batting: RHB David Rivas 0-0: Swinging Strike
0-1: Ball
1-1: Ball
2-1: Swinging Strike
2-2: Foul Ball, location: 2F
2-2: Strikes out swinging
Batting: RHB Satoshi Terada 0-0: Ball
1-0: SINGLE (Groundball, 56D)
Batting: RHB Jesús Álvarez 0-0: SINGLE (Groundball, 4MD)
Satoshi Terada to second
Batting: LHB Arthur Ryan 0-0: Called Strike
0-1: Ball
Wild Pitch!
Satoshi Terada to third
Jesús Álvarez to second
1-1: Foul Ball, location: 2F
1-2: Strikes out swinging
Bottom of the 4th over - 0 run(s), 2 hit(s), 0 error(s), 2 left on base; Mercer Island 1 - Phoenix Hotspur 0
TOP OF THE 5TH
Mercer Island Screaming Eagles batting - Pitching for Phoenix Hotspur Youth : RHP Howard Allen
Batting: RHB Alan Rosales 0-0: Called Strike
0-1: Ground out 6-3 (Groundball, 6)
Batting: RHB Ted Cook 0-0: Foul Ball, location: 2F
0-1: SINGLE (Line Drive, 7LS)
Batting: LHB Gregg Young 0-0: Ball
1-0: SINGLE (Line Drive, 9S)
Ted Cook to second
Batting: RHB Jason Ruffin 0-0: Foul Ball, location: 2F
0-1: Ball
1-1: Called Strike
1-2: Foul Ball, location: 2F
1-2: Ball
2-2: 3-RUN HOME RUN (Flyball, 89XD), Distance : 386 ft
Batting: RHB Luis Antonio Hernández 0-0: Called Strike
0-1: Fly out, F8 (Flyball, 8RXD)
Batting: LHB Jorge Pérez 0-0: Ball
1-0: SINGLE (Flyball, 8LS)
Batting: RHB Shawn McCormack 0-0: Ball
1-0: Fly out, F3 (Popup, 3F)
Top of the 5th over - 3 run(s), 4 hit(s), 0 error(s), 1 left on base; Mercer Island 4 - Phoenix Hotspur 0
BOTTOM OF THE 5TH
Phoenix Hotspur Youth batting - Pitching for Mercer Island Screaming Eagles : RHP Fernando Reyna
Batting: RHB António Padilla 0-0: SINGLE (Line Drive, 56D)
Batting: LHB Derek Blair 0-0: Ball
1-0: Ground out 3-1 (Groundball, 34)
António Padilla to second
Batting: RHB Dan Perkins 0-0: Called Strike
0-1: Ball
1-1: Swinging Strike
1-2: Fly out, F8 (Flyball, 8LM)
Batting: LHB Cristo Aponte 0-0: Ball
1-0: Ball
2-0: Fly out, F3 (Line Drive, 3)
Bottom of the 5th over - 0 run(s), 1 hit(s), 0 error(s), 1 left on base; Mercer Island 4 - Phoenix Hotspur 0
TOP OF THE 6TH
Mercer Island Screaming Eagles batting - Pitching for Phoenix Hotspur Youth : RHP Howard Allen
Batting: RHB Mario Blanco 0-0: Ball
1-0: Called Strike
1-1: Ball
2-1: Called Strike
2-2: Ground out 6-3 (Groundball, 6)
Batting: SHB Andrew Baker 0-0: Foul Ball, location: 2F
0-1: Ball
1-1: Ball
2-1: Fly out, F6 (Line Drive, 6)
Batting: RHB Alan Rosales 0-0: Ball
1-0: Swinging Strike
1-1: DOUBLE (Line Drive, 89M)
Batting: RHB Ted Cook 0-0: Ball
1-0: Ball
2-0: Ball
3-0: Called Strike
3-1: Base on Balls
Batting: LHB Gregg Young 0-0: Ball
1-0: Ground out 4-3 (Groundball, 4)
Top of the 6th over - 0 run(s), 1 hit(s), 0 error(s), 2 left on base; Mercer Island 4 - Phoenix Hotspur 0
BOTTOM OF THE 6TH
Phoenix Hotspur Youth batting - Pitching for Mercer Island Screaming Eagles : RHP Fernando Reyna
Batting: RHB Al Thomas 0-0: Called Strike
0-1: Ball
1-1: Ball
2-1: Ball
3-1: Called Strike
3-2: Foul Ball, location: 2F
3-2: Strikes out swinging
Batting: RHB David Rivas 0-0: Called Strike
0-1: Called Strike
0-2: Foul Ball, location: 2F
0-2: Strikes out swinging
Batting: RHB Satoshi Terada 0-0: Swinging Strike
0-1: DOUBLE (Line Drive, 78M)
Batting: RHB Jesús Álvarez 0-0: Ball
1-0: Ball
2-0: Swinging Strike
2-1: Ball
3-1: Fly out, F8 (Line Drive, 8RD)
Bottom of the 6th over - 0 run(s), 1 hit(s), 0 error(s), 1 left on base; Mercer Island 4 - Phoenix Hotspur 0
TOP OF THE 7TH
Mercer Island Screaming Eagles batting - Pitching for Phoenix Hotspur Youth : RHP Howard Allen
Batting: RHB Jason Ruffin 0-0: Called Strike
0-1: Ground out 6-3 (Groundball, 6)
Batting: RHB Luis Antonio Hernández 0-0: Called Strike
0-1: Ground out 6-3 (Groundball, 6M)
Batting: LHB Jorge Pérez 0-0: Ball
1-0: Ball
2-0: Ground out 4-3 (Groundball, 4)
Top of the 7th over - 0 run(s), 0 hit(s), 0 error(s), 0 left on base; Mercer Island 4 - Phoenix Hotspur 0
BOTTOM OF THE 7TH
Phoenix Hotspur Youth batting - Pitching for Mercer Island Screaming Eagles : RHP Fernando Reyna
Batting: LHB Arthur Ryan 0-0: Foul Ball, location: 2F
0-1: Called Strike
0-2: Ball
1-2: Ball
2-2: Foul Ball, location: 2F
2-2: Fly out, F9 (Flyball, 9M)
Batting: RHB António Padilla 0-0: Ball
1-0: Ball
2-0: Fly out, F9 (Flyball, 9LS)
Batting: LHB Derek Blair 0-0: Ball
1-0: Ball
2-0: Ball
3-0: Called Strike
3-1: SINGLE (Line Drive, 89S)
Pitching: RHP Pedro Álvarez
Batting: RHB Dan Perkins 0-0: Ball
1-0: 2-RUN HOME RUN (Flyball, 7LD), Distance : 350 ft
Batting: LHB Cristo Aponte 0-0: Ball
1-0: Ground out 5-3 (Groundball, 56)
Bottom of the 7th over - 2 run(s), 2 hit(s), 0 error(s), 0 left on base; Mercer Island 4 - Phoenix Hotspur 2
TOP OF THE 8TH
Mercer Island Screaming Eagles batting - Pitching for Phoenix Hotspur Youth : RHP Howard Allen
Batting: RHB Shawn McCormack 0-0: Ball
1-0: Fly out, F9 (Flyball, 9M)
Batting: RHB Mario Blanco 0-0: Foul Ball, location: 2F
0-1: Ground out 6-3 (Groundball, 6M)
Batting: SHB Andrew Baker 0-0: Foul Ball, location: 2F
0-1: Fly out, F8 (Flyball, 8RXD)
Top of the 8th over - 0 run(s), 0 hit(s), 0 error(s), 0 left on base; Mercer Island 4 - Phoenix Hotspur 2
BOTTOM OF THE 8TH
Phoenix Hotspur Youth batting - Pitching for Mercer Island Screaming Eagles : RHP Pedro Álvarez
Batting: RHB Al Thomas 0-0: Ball
1-0: Reached on error, E5 (Groundball, 5)
Batting: RHB David Rivas 0-0: Foul Ball, location: 2F
0-1: SINGLE (Popup, 34D)
Al Thomas to second
Runner from 2nd tries for 3rd, SAFE, throw made to third
Batting: RHB Satoshi Terada 0-0: Foul Ball, location: 2F
0-1: DOUBLE (Line Drive, 7LS)
Al Thomas scores
David Rivas to third
Pinch Hitting: RHB Alfredo Martínez 0-0: Swinging Strike
0-1: Ball
1-1: Called Strike
1-2: Foul Ball, location: 2F
1-2: Ball
2-2: Foul Ball, location: 2F
2-2: Ball
3-2: Base on Balls
Pitching: LHP Manuel Martínez
Pinch Hitting: RHB Jesús Mejía 0-0: SINGLE (Groundball, 34D)
David Rivas scores
Satoshi Terada to third
Alfredo Martínez to second
Batting: RHB António Padilla 0-0: Ball
Wild Pitch!
Satoshi Terada scores
Alfredo Martínez to third
Jesús Mejía to second
1-0: Intentional Walk
Batting: LHB Derek Blair 0-0: Called Strike
0-1: Ball
1-1: Foul Ball, location: 2F
1-2: Strikes out looking
Batting: RHB Dan Perkins 0-0: Ball
1-0: Ball
2-0: Swinging Strike
2-1: Ball
3-1: Called Strike
3-2: Base on Balls
Alfredo Martínez scores
Jesús Mejía to third
António Padilla to second
Pinch Hitting: RHB Chris Hopkins 0-0: Swinging Strike
0-1: Ball
1-1: Swinging Strike
1-2: Foul Ball, location: 2F
1-2: Strikes out looking
Batting: RHB Al Thomas 0-0: Ball
1-0: Ball
2-0: Ball
3-0: Called Strike
3-1: Ground out 1-3 (Groundball, 13S)
Bottom of the 8th over - 4 run(s), 3 hit(s), 1 error(s), 3 left on base; Mercer Island 4 - Phoenix Hotspur 6
TOP OF THE 9TH
Mercer Island Screaming Eagles batting - Pitching for Phoenix Hotspur Youth : RHP Howard Allen
Pitching: RHP Oliver Huerta
Now at 2B: Don McCord
Now in LF: Chris Hopkins
Now in CF: Javier González
Batting: RHB Alan Rosales 0-0: Ball
1-0: Foul Ball, location: 2F
1-1: Called Strike
1-2: Strikes out swinging
Batting: RHB Ted Cook 0-0: Ball
1-0: Swinging Strike
1-1: Called Strike
1-2: Ball
2-2: Ground out 5-3 (Groundball, 5)
Batting: LHB Gregg Young 0-0: Ball
1-0: Ball
2-0: Ball
3-0: Called Strike
3-1: Base on Balls
Batting: RHB Jason Ruffin 0-0: Called Strike
0-1: Ball
1-1: Called Strike
1-2: Ball
2-2: Ball
3-2: Strikes out swinging
Top of the 9th over - 0 run(s), 0 hit(s), 0 error(s), 1 left on base; Mercer Island 4 - Phoenix Hotspur 6
This league is powered by Out of the Park Baseball, the baseball management simulation game for PC, Mac and Linux
Friday, April 15th, 2016 - OOTP Baseball 16.9 Build 39